Map: Bridgehead LE (Void)

Players

Javert - Winner!

  • Race: Zerg Zerg
  • League: Gold

calevra

  • Race: Protoss Protoss
  • League: Gold

VOD

Have the link to the VOD?

Description

Time

  • Played on: Sept. 6, 2015, 5:41 p.m.
  • Length: 16:22
Show
View Real Time Build Order
Export as new Build Order

Javert Zerg - Winner!

Build Orders: Pool First, Lurkers 

Get SALT Encoding   

  12  0:03  Drone  
  13  0:14  Overlord  
  13  0:19  Drone  
  14  0:34  Drone x2  
  16  0:39  Drone  
  17  0:53  Spawning Pool  
  16  1:01  Drone  
  17  1:12  Drone  
  18  1:28  Drone  
  19  1:36  Hatchery  
  18  1:41  Queen  
  18  1:43  Zergling x2  
  21  1:47  Overlord  
  21  1:55  Drone  
  22  2:20  Hatchery, Queen  
  22  2:21  Extractor  
  22  2:30  Drone x3  
  25  2:48  Drone  
  25  2:49  Drone x4  
  29  3:02  Queen  
  31  3:06  Overlord  
  31  3:09  Drone x2  
  33  3:16  Overlord  
  33  3:23  Overlord  
  33  3:25  Metabolic Boost  
  33  3:30  Zergling x6  
  36  3:40  Queen  
  38  3:50  Drone  
  38  3:51  Drone x4  
  43  3:56  Drone x3  
  43  4:00  Extractor  
  45  4:08  Overlord  
  45  4:16  Drone x4  
  45  4:17  Drone x2  
  51  4:18  Spine Crawler  
  50  4:24  Lair  
  50  4:34  Drone x6  
  56  4:54  Drone x7  
  56  4:55  Drone x4  
  67  5:01  Extractor  
  67  5:02  Extractor  
  67  5:04  Extractor  
  67  5:05  Drone x3, Roach Warren  
  66  5:07  Extractor  
  65  5:16  Overlord x2  
  65  5:24  Drone  
  65  5:26  Overlord x2  
  64  5:30  Spine Crawler  
  64  5:33  Spine Crawler  
  64  5:34  Zergling x2  
  64  5:35  Zergling x12  
  68  5:36  Spine Crawler  
  67  5:46  Roach  
  67  5:47  Roach x4  
  77  5:57  Roach  
  77  5:58  Roach x4  
  77  6:00  Spine Crawler  
  81  6:13  Queen x2  
  81  6:17  Drone x3  
  88  6:19  Roach  
  88  6:20  Roach x2  
  88  6:25  Queen  
  94  6:27  Drone  
  94  6:28  Drone  
  94  6:32  Overlord  
  98  6:42  Glial Reconstitution  
  97  6:49  Overlord x2  
  97  6:52  Ravager x9  
  105  6:55  Overlord x2  
  105  6:59  Hydralisk Den  
  105  7:00  Drone  
  105  7:11  Drone x9  
  105  7:12  Drone x3  
  105  7:15  Spine Crawler  
  116  7:21  Roach x3  
  122  7:28  Overlord x2  
  122  7:29  Drone x2  
  124  7:39  Lurker Den  
  101  8:06  Roach  
  101  8:07  Roach x12  
  127  8:13  Burrow  
  127  8:18  Drone x4  
  131  8:23  Extractor  
  131  8:24  Hatchery, Hydralisk, Extractor  
  131  8:25  Hydralisk x3  
  136  8:31  Ravager x4  
  136  8:32  Ravager x4  
  145  8:34  Drone x2  
  146  8:48  Hydralisk  
  146  8:49  Hydralisk x2  
  146  8:51  Overlord  
  146  8:52  Overlord x3  
  152  8:58  Evolution Chamber x2  
  150  9:04  Overlord x2  
  150  9:09  Overlord  
  150  9:12  Lurker x4  
  154  9:19  Unknown  
  156  9:24  Roach x5  
  156  9:25  Roach x5  
  156  9:27  Overlord  
  156  9:29  Overlord  
  174  9:32  Zerg Missile Weapons Level 1  
  174  9:37  Overlord  
  174  10:08  Overlord x2  
  174  10:16  Overlord, Hydralisk x3  
  174  10:17  Hydralisk x9  
  174  10:19  Overlord x3  
  198  10:22  Drone  
  198  10:27  Infestation Pit  
  151  10:48  Hydralisk x7  
  151  10:49  Hydralisk x6  
  162  10:52  Overlord x2  
  162  10:56  Zerg Ground Armor Level 1  
  162  11:13  Overlord x2  
  126  11:41  Roach  
  126  11:43  Roach x13  
  126  11:44  Roach x8  
  126  11:46  Overlord  
  170  11:49  Hive  
  170  11:54  Lurker x2  
  170  11:55  Lurker x2  
  170  11:58  Overseer x2  
  174  12:12  Roach  
  174  12:13  Roach x8  
  192  12:16  Overlord  
  168  13:01  Roach  
  168  13:02  Roach x15  
  138  13:29  Roach x6  
  138  13:30  Roach x16  
  160  14:00  Hydralisk x3  
  160  14:01  Hydralisk x5  
  164  14:03  Overlord  
  164  14:08  Extractor  
  161  14:11  Hatchery, Overseer x4  
  161  14:14  Extractor  
  161  14:15  Hydralisk x2  
  163  14:20  Overlord x2  
  163  14:26  Ravager x6  
  163  14:27  Ravager x3  
  163  14:30  Drone x2  
  166  15:15  Spore Crawler  
  166  15:16  Spine Crawler x2  
  166  15:17  Spine Crawler x2  
  166  15:30  Hatchery, Extractor  
  166  15:31  Extractor  
  166  15:38  Drone x4  
  166  15:39  Drone x3  
  166  15:52  Overlord x2  
  166  16:01  Overlord x2  
Show
View Real Time Build Order
Export as new Build Order

calevra Protoss 

Build Orders: Forge Fast Expand (FFE) 

Get SALT Encoding   

  12  0:00  Probe (Chrono Boost)  
  13  0:14  Pylon  
  13  0:17  Probe (Chrono Boost)  
  14  0:27  Probe (Chrono Boost)  
  15  0:36  Forge  
  15  0:39  Probe (Chrono Boost)  
  16  1:13  Nexus  
  16  1:19  Pylon  
  16  1:31  Gateway  
  16  1:38  Photon Cannon  
  15  1:42  Assimilator  
  15  1:50  Probe (Chrono Boost)  
  15  1:51  Assimilator  
  16  2:00  Probe (Chrono Boost)  
  17  2:10  Probe (Chrono Boost)  
  18  2:20  Cybernetics Core  
  18  2:21  Zealot  
  18  2:22  Probe (Chrono Boost)  
  21  2:36  Probe (Chrono Boost)  
  22  2:52  Probe (Chrono Boost)  
  22  2:54  Warp Gate (Chrono Boost)  
  22  2:55  Probe (Chrono Boost), Pylon  
  24  3:01  Adept  
  24  3:04  Probe x2  
  28  3:14  Probe  
  28  3:16  Probe  
  30  3:20  Pylon  
  30  3:24  Probe  
  31  3:29  Mothership Core  
  31  3:33  Adept  
  35  3:46  Gateway  
  35  3:49  Gateway  
  35  4:00  Stalker  
  37  4:12  Gateway  
  37  4:16  Probe  
  37  4:19  Probe  
  37  4:20  Protoss Ground Weapons Level 1 (Chrono Boost)  
  38  4:47  Adept  
  39  5:04  Adept x2  
  39  5:06  Probe  
  43  5:08  Probe  
  45  5:21  Adept  
  47  5:33  Adept  
  47  5:34  Adept  
  51  5:39  Probe  
  51  5:41  Probe, Robotics Facility  
  53  5:43  Pylon, Assimilator  
  53  5:49  Probe  
  54  6:01  Probe  
  55  6:10  Protoss Ground Armor Level 1 (Chrono Boost)  
  53  6:22  Probe  
  53  6:24  Probe  
  55  6:27  Stalker x2, Twilight Council  
  55  6:28  Stalker, Pylon  
  55  6:32  Probe  
  61  6:33  Pylon  
  62  6:44  Assimilator  
  62  6:46  Probe, Pylon  
  63  6:47  Pylon  
  63  6:51  Nexus  
  63  6:54  Sentry x2, Assimilator  
  63  6:55  Immortal (Chrono Boost)  
  71  7:05  Sentry  
  73  7:11  Stalker  
  75  7:18  Stalker  
  75  7:20  Probe x2  
  79  7:28  Immortal (Chrono Boost)  
  83  7:30  Pylon  
  83  7:32  Probe  
  83  7:36  Protoss Ground Weapons Level 2  
  68  7:48  Stalker  
  68  7:49  Stalker x3  
  70  8:03  Probe  
  70  8:05  Probe x2  
  73  8:13  Probe  
  73  8:17  Probe x2  
  73  8:18  Stalker x2  
  80  8:23  Probe  
  80  8:26  Observer (Chrono Boost)  
  82  8:29  Probe x2  
  82  8:31  Gateway  
  82  8:33  Gateway, Probe  
  84  8:34  Pylon  
  84  8:36  Photon Cannon  
  84  8:37  Gateway  
  84  8:39  Photon Cannon  
  86  8:41  Probe  
  86  8:48  Observer (Chrono Boost)  
  87  8:51  Robotics Bay  
  87  8:54  Probe  
  87  8:56  Probe x2  
  90  9:05  Probe  
  90  9:08  Probe x2  
  93  9:13  Immortal (Chrono Boost)  
  93  9:15  Probe  
  97  9:17  Zealot x4  
  97  9:20  Probe x2  
  108  9:37  Stalker x5  
  118  9:49  Stalker x2  
  122  9:55  Protoss Ground Armor Level 2  
  118  10:02  Stalker x2  
  118  10:03  Stalker  
  124  10:12  Pylon  
  124  10:15  Pylon  
  124  10:23  Disruptor (Chrono Boost)  
  124  10:27  Pylon  
  111  10:29  Stalker  
  111  10:30  Stalker x3, Pylon  
  108  10:41  Zealot x2  
  108  10:42  Zealot  
  96  10:55  Pylon  
  96  10:56  Stalker x3, Pylon  
  102  10:57  Stalker  
  102  10:58  Robotics Facility  
  102  10:59  Disruptor (Chrono Boost)  
  107  11:06  Zealot  
  107  11:07  Zealot  
  111  11:25  Zealot x3  
  112  11:26  Zealot x3  
  96  11:43  Zealot  
  98  11:48  Probe  
  98  11:50  Probe x2  
  98  11:53  Disruptor (Chrono Boost)  
  104  11:54  Assimilator  
  104  12:04  Probe x2  
  104  12:08  Zealot x4  
  108  12:09  Zealot x3  
  120  12:22  Probe x2  
  122  12:23  Nexus  
  122  12:26  Photon Cannon  
  122  12:28  Charge, Photon Cannon  
  123  12:30  Photon Cannon  
  123  12:31  Disruptor (Chrono Boost)  
  91  12:59  Stalker x4  
  91  13:00  Stalker x3  
  75  13:22  Zealot  
  75  13:24  Zealot  
  75  13:25  Zealot x4  
  75  13:26  Zealot  
  77  13:36  Colossus (Chrono Boost)  
  77  13:44  Stalker  
  77  13:46  Stalker x2  
  77  13:47  Stalker x4  
  65  14:09  Stalker  
  67  14:13  Pylon  
  67  14:15  Probe  
  68  14:20  Probe  
  68  14:22  Probe  
  70  14:28  Immortal (Chrono Boost)  
  49  15:04  Observer (Chrono Boost)  
Tags
 
Add a new tag
Caveats
  • Supply blocks, unpowered buildings, or Contaminate may cause inaccurate times.
  • Supply counts are checked every 10 seconds.